 Dungeon Crawl Stone Soup version 0.31-a0-163-gb40cd77e26 (webtiles) character file.

Game seed: 18282342712042629507

501 qw the Chopper (level 7, -5/44 HPs)
             Began as a Gargoyle Fighter on June 12, 2023.
             Slain by an ogre
             ... wielding a +0 giant club
              (12 damage)
             ... on level 4 of the Dungeon.
             The game lasted 00:01:36 (3327 turns).

qw the Chopper (Gargoyle Fighter)                   Turns: 3327, Time: 00:01:37

Health: -5/44      AC: 16    Str: 22    XL:     7   Next: 17%
Magic:  7/7        EV:  8    Int:  8    God:
Gold:   188        SH:  4    Dex:  9    Spells: 6/6 levels left

rFire   . . .        Y - +0 war axe
rCold   . . .        c - +0 buckler
rNeg    + . .        f - +0 chain mail
rPois   inf          e - +0 helmet
rElec   +            i - +0 cloak
rCorr   .            (no gloves)
SInv    .            (no boots)
Will    .....        (no amulet) Stlth
                     (no ring)
HPRegen 0.27/turn    (no ring)
MPRegen 0.10/turn

%: no passive effects
@: about to teleport
A: sickness immunity, AC +4, negative energy resistance 1, electricity
resistance, torment resistance 1, petrification resistance
a: no special abilities


You were on level 4 of the Dungeon.
You visited 1 branch of the dungeon, and saw 4 of its levels.

You collected 188 gold pieces.


Innate Abilities, Weirdness & Mutations

You are immune to sickness and miasma.
Your stone body is resilient. (AC +4)
You are immune to poison.
You resist negative energy. (rN+)
You are resistant to electric shocks. (rElec)
You are resistant to unholy torment.
You are immune to petrification.


   Skills:
 - Level 5.0 Fighting
 + Level 5.8 Axes
 - Level 1.0 Throwing
 - Level 3.2 Armour
 - Level 1.0 Dodging
 - Level 3.2 Shields


You had 6 spell levels left.
You didn't know any spells.
Your spell library was empty.

Inventory:

Hand Weapons
 g - a +2 flail of holy wrath
 Y - a +0 war axe (weapon)
Armour
 c - a +0 buckler (worn)
 e - a +0 helmet (worn)
 f - a +0 chain mail (worn)
 i - a +0 cloak (worn)
Scrolls
 h - 3 scrolls of identify
Potions
 d - a potion of might

Dungeon Overview and Level Annotations

Branches:
Dungeon (4/15)
 Temple: D:4-7

Altars:

Shops:
D:1 (=(:==

Annotations:
D:4 Menkaure


Message History

You slash the giant cockroach!
You kill the giant cockroach!
l - a javelin
There is a stone staircase leading up here.
You now have 188 gold pieces (gained 9).
Menkaure and an ogre come into view.
Found 12 gold pieces.
The ogre shouts!
Enter note:
Enter note:
Enter note:
Enter note:
Enter note:
Enter note:
3319 ||| Stepping ~*~*~tactically~*~*~ (hiding).
You start waiting.
An ogre is nearby!
You throw a javelin. The javelin pierces through the ogre.
The ogre is lightly wounded.
You slash the ogre!
The ogre is heavily wounded.
The ogre hits you with a +0 giant club!
You hit the ogre but do no damage.
The ogre is heavily wounded.
The ogre hits you with a +0 giant club!
Menkaure gestures wildly while chanting.
Menkaure seems to speed up.
You hit the ogre but do no damage.
The ogre is heavily wounded.
The ogre closely misses you.
You barely miss the ogre.
The ogre is heavily wounded.
The ogre hits you with a +0 giant club!!
3326 ||| READING scroll of teleportation.
As you read the scroll of teleportation, it crumbles to dust.
You feel strangely unstable.
You hit the ogre.
The ogre is severely wounded.
The ogre hits you with a +0 giant club!
You die...

..##...(.....>##........
...................(....
.........##.#.#.........
.........##.#...........
....................$...
.............#.)........
........###.##..M..O..M.
.....##.....#..#O##
...............#@.#
.....#####.#....#.#
.......###.#......###
.....#.........#.[.<#
.....##%.........)#........
########.......#...........
#.......#...#.......
#...#)..##..........
###.#.#####.#.......


You could see an ogre and Menkaure (fast).

Vanquished Creatures
  Edmund (D:4)
  An ogre (D:4)
  3 iguanas
  Natasha (D:3)
  Robin (D:2)
  6 gnolls
  3 adders
  3 dart slugs
  An orc (D:4)
  5 bats
  8 endoplasms
  2 giant cockroaches
  18 goblins
  10 hobgoblins
  6 jackals
  3 quokkas
  9 ball pythons
  4 frilled lizards
  7 kobolds
  4 rats
96 creatures vanquished.

Notes
Turn   | Place    | Note
-------+----------+-------------------------------------------
     0 | D:1      | qw the Gargoyle Fighter began the quest for the Orb.
     0 | D:1      | Reached XP level 1. HP: 14/14 MP: 1/1
     0 | D:1      | 0 ||| qw: Version: 0.2-a-29-gc1b59c4
     0 | D:1      | 0 ||| qw: Game counter: 4432
     0 | D:1      | 0 ||| qw: Always use a shield: true
     0 | D:1      | 0 ||| qw: God list: Okawaru
     0 | D:1      | 0 ||| qw: Allow faded altars: false
     0 | D:1      | 0 ||| qw: Do Orc after D:15 true
     0 | D:1      | 0 ||| qw: Do second Lair branch before Depths: true
     0 | D:1      | 0 ||| qw: Lair rune preference: random
     0 | D:1      | 0 ||| qw: Plans: Normal, Zot:1-4, Slime:5, God:TSO, Crypt,
                  | Tomb, Abyss, Pan, Hells, Win
     0 | D:1      | 0 ||| PLANNING D:1-11
    40 | D:1      | Found Dasureog's One-of-a-Kind Rings.
    44 | D:1      | 44 ||| Stepping ~*~*~tactically~*~*~ (hiding).
    45 | D:1      | 45 ||| Stepping ~*~*~tactically~*~*~ (hiding).
    47 | D:1      | 47 ||| Stepping ~*~*~tactically~*~*~ (hiding).
    48 | D:1      | 48 ||| Stepping ~*~*~tactically~*~*~ (hiding).
    59 | D:1      | 59 ||| Stepping ~*~*~tactically~*~*~ (stealth).
    61 | D:1      | 61 ||| SHOPLISTING +10 ring of dexterity (1183 gold, have
                  | 7).
    61 | D:1      | 61 ||| SHOPLISTING +3 ring of slaying (585 gold, have 7).
    61 | D:1      | 61 ||| SHOPLISTING ring "Fissaom" {rElec MP+9 Str+3 Dex+6
                  | Stlth+} (1014 gold, have 7).
    61 | D:1      | 61 ||| SHOPLISTING ring "Sotti" {rElec Will+ Dex+6 Stlth+}
                  | (759 gold, have 7).
    61 | D:1      | 61 ||| SHOPLISTING ring of Temperance {rPois rF+ Str+6}
                  | (704 gold, have 7).
    61 | D:1      | 61 ||| SHOPLISTING ring of Vapocwenu {+Blink Fly rPois
                  | SInv} (518 gold, have 7).
    85 | D:1      | Found Udweecan's Jewellery Shop.
    96 | D:1      | 96 ||| SHOPLISTING +5 ring of evasion (468 gold, have 7).
    96 | D:1      | 96 ||| SHOPLISTING amulet of regeneration (390 gold, have
                  | 7).
    96 | D:1      | 96 ||| SHOPLISTING amulet of the acrobat (390 gold, have
                  | 7).
    96 | D:1      | 96 ||| SHOPLISTING ring of ice (325 gold, have 7).
   117 | D:1      | Reached XP level 2. HP: 13/19 MP: 2/2
   179 | D:1      | Found Ohuv's Weapon Shop.
   183 | D:1      | 183 ||| Stepping ~*~*~tactically~*~*~ (hiding).
   296 | D:1      | 296 ||| SHOPLISTING +0 flail (49 gold, have 7).
   296 | D:1      | 296 ||| SHOPLISTING +0 whip (35 gold, have 7).
   328 | D:1      | Reached skill level 3 in Axes
   369 | D:1      | Found Coicatza's Jewellery Boutique.
   369 | D:1      | Found Rucyukos's Book Shoppe.
   375 | D:1      | 375 ||| SHOPLISTING +4 ring of slaying (780 gold, have 7).
   375 | D:1      | 375 ||| SHOPLISTING ring "Jewny" {rPois rF- Will+++ rCorr
                  | Int+2} (578 gold, have 7).
   375 | D:1      | 375 ||| SHOPLISTING ring "Uzengimo" {rElec rCorr MP+9 Dex+2
                  | SInv} (577 gold, have 7).
   375 | D:1      | 375 ||| SHOPLISTING ring of protection from fire (250 gold,
                  | have 7).
   397 | D:1      | Found Fil Ugax's Weapon Shoppe.
   403 | D:1      | 403 ||| SHOPLISTING +5 flail of the Unliving {heavy, rF+}
                  | (543 gold, have 7).
   411 | D:1      | Reached XP level 3. HP: 20/23 MP: 3/3
   708 | D:1      | Found a faded altar of an unknown god.
   931 | D:1      | 931 ||| READING scroll labelled MUNUAN JAFIETH.
   932 | D:1      | 932 ||| READING 2 scrolls labelled DODEMUPP HAOP.
   933 | D:1      | 933 ||| READING scroll labelled ZEWOL BUADO.
   934 | D:1      | 934 ||| READING scroll labelled ICKOSU WIESHA.
   935 | D:1      | 935 ||| READING scroll labelled HOSHRI OWNUDI.
   955 | D:2      | Identified the +6 battleaxe "Noull" {flame, rElec}
  1081 | D:2      | 1081 ||| Stepping ~*~*~tactically~*~*~ (stealth).
  1136 | D:2      | 1136 ||| Stepping ~*~*~tactically~*~*~ (hiding).
  1256 | D:2      | 1256 ||| DROPPING +0 club.
  1268 | D:2      | 1268 ||| Stepping ~*~*~tactically~*~*~ (stealth).
  1270 | D:2      | 1270 ||| Stepping ~*~*~tactically~*~*~ (stealth).
  1279 | D:2      | Reached skill level 1 in Throwing
  1282 | D:2      | Noticed Robin
  1283 | D:2      | 1283 ||| Stepping ~*~*~tactically~*~*~ (stealth).
  1284 | D:2      | 1284 ||| Stepping ~*~*~tactically~*~*~ (stealth).
  1287 | D:2      | 1287 ||| Stepping ~*~*~tactically~*~*~ (hiding).
  1304 | D:2      | Killed Robin
  1305 | D:2      | Reached XP level 4. HP: 20/28 MP: 4/4
  1523 | D:2      | 1523 ||| Stepping ~*~*~tactically~*~*~ (stealth).
  1524 | D:2      | 1524 ||| Stepping ~*~*~tactically~*~*~ (stealth).
  1525 | D:2      | 1525 ||| Stepping ~*~*~tactically~*~*~ (stealth).
  1526 | D:2      | 1526 ||| Stepping ~*~*~tactically~*~*~ (stealth).
  1527 | D:2      | 1527 ||| Stepping ~*~*~tactically~*~*~ (stealth).
  1813 | D:2      | 1813 ||| UPGRADING to +0 helmet.
  1818 | D:2      | 1818 ||| READING scroll labelled BEZ VUMOECU.
  1982 | D:3      | 1982 ||| DROPPING +0 whip.
  2035 | D:3      | 2035 ||| Stepping ~*~*~tactically~*~*~ (stealth).
  2036 | D:3      | 2036 ||| Stepping ~*~*~tactically~*~*~ (stealth).
  2056 | D:3      | Reached XP level 5. HP: 32/32 MP: 5/5
  2684 | D:3      | Noticed Natasha
  2691 | D:3      | Killed Natasha
  2850 | D:3      | 2850 ||| READING 2 scrolls labelled DAFEYXZY MORE.
  2855 | D:3      | 2855 ||| READING 6 scrolls of identify.
  2855 | D:3      | 2855 ||| IDENTIFYING white potion
  2856 | D:3      | 2856 ||| READING 5 scrolls of identify.
  2856 | D:3      | 2856 ||| IDENTIFYING clear potion
  2857 | D:3      | 2857 ||| READING 4 scrolls of identify.
  2857 | D:3      | 2857 ||| IDENTIFYING lumpy amethyst potion
  2858 | D:3      | 2858 ||| DROPPING potion of degeneration.
  2859 | D:3      | 2859 ||| DROPPING potion of brilliance.
  2885 | D:4      | 2885 ||| STAIRDANCE
  2953 | D:4      | Noticed Edmund
  2966 | D:4      | Killed Edmund
  2967 | D:4      | Reached XP level 6. HP: 14/40 MP: 6/6
  3066 | D:4      | 3066 ||| DROPPING +0 flail.
  3076 | D:4      | Reached skill level 1 in Dodging
  3079 | D:4      | HP: 10/40 [gnoll/+0 spear (1)]
  3080 | D:4      | 3080 ||| READING scroll of teleportation.
  3081 | D:4      | 3081 ||| DRINKING potion of heal wounds.
  3216 | D:4      | Reached XP level 7. HP: 23/44 MP: 7/7
  3242 | D:4      | 3242 ||| FLEEEEING.
  3243 | D:4      | 3243 ||| FLEEEEING.
  3244 | D:4      | 3244 ||| FLEEEEING.
  3245 | D:4      | 3245 ||| STAIRDANCE
  3290 | D:3      | 3290 ||| UPGRADING to +0 chain mail.
  3300 | D:3      | 3300 ||| DROPPING +0 scale mail.
  3301 | D:3      | 3301 ||| UPGRADING to +0 cloak.
  3318 | D:4      | Noticed Menkaure
  3319 | D:4      | 3319 ||| Stepping ~*~*~tactically~*~*~ (hiding).
  3325 | D:4      | HP: 6/44 [ogre/+0 giant club (20)]
  3326 | D:4      | 3326 ||| READING scroll of teleportation.
  3327 | D:4      | Slain by an ogre

Levels and vault maps discovered:
D:1:      dpeg_arrival_round_c, layout_basic,
          hellmonk_ecumenical_altar_heavens_door, serial_shops, shop, shop,
          nicolae_shop_just_a_little_nook, nicolae_shop_bloodbath_and_beyond,
          nicolae_shop_hallway_plus, dreamdust_wishing_well,
          nicolae_shop_unique_rings
D:2:      layout_basic, chequers_serial_rivers_micro_a, hex_intersection,
          uniq_robin
D:3:      layout_loops_corners, minivault_23, minmay_goblin_kobold_house,
          uniq_natasha
D:4:      layout_rooms, nicolae_vehumet_altar_sigil,
          chequers_temple_overflow_minitemple, uniq_menkaure, uniq_edmund

Skill      XL: |  1  2  3  4  5  6 |
---------------+-------------------+-----
Axes           | 2 3 4 5 |  5.8
Throwing       | 1 |  1.0
Fighting       | 5 |  5.0
Dodging        | 1 |  1.0
Armour         | |  3.2
Shields        | |  3.2

Action                     |  1- 3 |  4- 6 |  7- 9 || total
---------------------------+-------+-------+-------++-------
  Melee: War axe           |    84 |   155 |     9 ||   248
  Throw: Javelin           |     7 |    18 |     1 ||    26
    Use: Scroll            |     5 |     6 |     1 ||    12
         Potion            |       |     1 |       ||     1
 Armour: Scale mail        |    52 |    70 |       ||   122
         Chain mail        |       |       |     2 ||     2
  Dodge: Dodged            |    59 |    72 |     5 ||   136
  Block: Buckler           |    18 |    31 |       ||    49

Table legend:
 A = Non-vault XP
 B = Vault XP
 C = Vault XP percentage of total XP
 D = Non-vault monster count
 E = Vault monster count
 F = Vault count percentage of total count
                 A         B        C        D         E       F
            +---------+---------+-------+---------+---------+-------
      Total |     467 |     249 |  34.8 |      78 |      18 |  18.8
            +---------+---------+-------+---------+---------+-------
        D:1 |      53 |       0 |   0.0 |      29 |       0 |   0.0
        D:2 |      23 |      37 |  61.7 |      12 |      12 |  50.0
        D:3 |     148 |      43 |  22.5 |      18 |       5 |  21.7
        D:4 |     243 |     169 |  41.0 |      19 |       1 |   5.0
            +---------+---------+-------+---------+---------+-------
